 Dungeon Crawl Stone Soup version 0.21-a0-521-g1cd18d1 (webtiles) character file.

1701 Hafrunt the Cleaver (level 8, 0/78 HPs)
             Began as a Minotaur Berserker on Dec 4, 2017.
             Was a Priest of Trog.
             Slain by a sky beast (6 damage)
             ... on level 6 of the Dungeon.
             The game lasted 00:09:59 (5365 turns).

Hafrunt the Cleaver (Minotaur Berserker)            Turns: 5365, Time: 00:10:00

Health: 0/78       AC: 12    Str: 23    XL:     8   Next: 73%
Magic:  7/7        EV:  4    Int:  4    God:    Trog [***...]
Gold:   248        SH:  9    Dex: 11    Spells: 7/7 levels left

rFire    . . .     SeeInvis .   a - +0 hand axe
rCold    . . .     Gourm    .   l - +0 shield
rNeg     . . .     Faith    .   w - +0 plate armour
rPois    .         Spirit   .   (helmet restricted)
rElec    .         Reflect  .   q - +0 cloak (curse)
rCorr    .         Harm     .   b - +0 pair of gloves
MR       .....                  (no boots)
Stlth    ..........             (no amulet)
HPRegen  0.23/turn              (no ring)
MPRegen  0.10/turn              (no ring)

@: heavily drained
A: retaliatory headbutt, horns 2
a: Berserk, Trog's Hand, Burn Spellbooks, Renounce Religion


You were on level 6 of the Dungeon.
You worshipped Trog.
Trog was most pleased with you.
You were not hungry.

You visited 1 branch of the dungeon, and saw 6 of its levels.

You collected 248 gold pieces.

Inventory:

Hand Weapons
 a - a +0 hand axe (weapon)
Missiles
 v - 3 silver javelins (quivered)
Armour
 b - a +0 pair of gloves (worn)
 l - a +0 shield (worn)
 o - a +0 large shield
 q - a cursed +0 cloak (worn)
 w - a +0 plate armour (worn)
Scrolls
 c - a scroll of immolation {unknown}
 f - 2 scrolls of remove curse {unknown}
 g - 7 scrolls of identify {unknown}
 h - a scroll of amnesia {unknown}
 j - 2 scrolls of blinking {unknown}
 m - 2 scrolls of enchant weapon {unknown}
 s - a scroll of teleportation {unknown}
Potions
 i - 2 potions of agility
 u - a potion of flight
Comestibles
 d - a royal jelly
 n - 4 bread rations
 p - a meat ration


   Skills:
 + Level 9.0(6.0) Fighting
 + Level 9.0(6.0) Axes
 - Level 2.4(0.0) Armour
 - Level 2.1(0.0) Dodging
 + Level 6.6(3.7) Shields


You had 7 spell levels left.
You didn't know any spells.

Dungeon Overview and Level Annotations

Branches:
Dungeon (6/15)
 Temple: D:4-7

Altars:
Ru


Innate Abilities, Weirdness & Mutations

You reflexively headbutt those who attack you in melee.
You have a pair of horns on your head.


Message History

Your shield prevents you from hitting the sky beast.
Your headbutt misses the sky beast.
The sky beast is almost dead.
The sky beast hits you but does no damage.
You barely miss the sky beast. Your headbutt misses the sky beast.
The sky beast is almost dead.
You block the sky beast's attack. The sky beast hits you.
* * * LOW HITPOINT WARNING * * *
The sky beast shocks you.
* * * LOW HITPOINT WARNING * * *
You closely miss the sky beast.
The sky beast is almost dead.
You block the sky beast's attack.
Your shield and plate armour prevent you from hitting the sky beast.
Your headbutt misses the sky beast.
The sky beast is almost dead.
The sky beast hits you.
* * * LOW HITPOINT WARNING * * *
The sky beast shocks you.
You die...

.....# .....#.
....... .....$.
......# .....#
##Y....##
#@......o
......).......#
#######..!.....
.........
.#....... ##
##..... .###.
##


You could see a sky beast and an orc wizard (wandering).

Vanquished Creatures
  Sigmund (D:5)
  Edmund (D:5)
  A sky beast (D:5)
  3 ogres
  2 centaurs
  A scorpion (D:5)
  4 wights (D:5)
  A crimson imp (D:5)
  Crazy Yiuf (D:4)
  A quasit (D:5)
  4 orc priests
  A centaur skeleton (D:5)
  4 iguanas
  4 orc wizards
  3 worker ants
  A hound zombie (D:5)
  4 adders
  A gnoll (D:1)
  3 oozes
  3 worms
  4 dart slugs (D:1)
  3 leopard geckos
  24 orcs
  2 giant cockroaches
  8 goblins
  7 hobgoblins
  2 quokkas (D:2)
  3 ball pythons
  9 bats
  4 frilled lizards
  10 kobolds
  A leopard gecko zombie (D:5)
  2 quokka skeletons
  5 rats
128 creatures vanquished.

Notes
Turn   | Place    | Note
-------+----------+-------------------------------------------
     0 | D:1      | Hafrunt the Minotaur Berserker began the quest for the Orb.
     0 | D:1      | Reached XP level 1. HP: 19/19 MP: 0/0
   311 | D:1      | Reached XP level 2. HP: 27/27 MP: 1/1
   397 | D:1      | Reached XP level 3. HP: 21/34 MP: 2/2
   813 | D:2      | Reached ** piety under Trog
  1583 | D:2      | Found a sacrificial altar of Ru.
  1655 | D:3      | Reached XP level 4. HP: 41/41 MP: 3/3
  1656 | D:3      | Reached skill level 5 in Fighting
  1656 | D:3      | Reached skill level 5 in Axes
  2133 | D:3      | Reached XP level 5. HP: 42/48 MP: 4/4
  2819 | D:4      | Reached skill level 1 in Shields
  2832 | D:4      | Reached *** piety under Trog
  2836 | D:4      | Reached XP level 6. HP: 48/57 MP: 5/5
  3330 | D:4      | Found a runed door.
  3334 | D:4      | Noticed Crazy Yiuf
  3346 | D:4      | Killed Crazy Yiuf
  3376 | D:4      | Reached XP level 7. HP: 18/64 MP: 6/6
  3786 | D:5      | Entered Level 5 of the Dungeon
  3793 | D:5      | Received a gift from Trog
  3851 | D:5      | Noticed Edmund
  3872 | D:5      | Killed Edmund
  4308 | D:5      | Reached XP level 8. HP: 26/74 MP: 7/7
  4314 | D:5      | Reached skill level 5 in Shields
  4753 | D:5      | Noticed Sigmund
  4760 | D:5      | Killed Sigmund
  5365 | D:6      | Slain by a sky beast

Vault maps used:
D:1:      scummos_arrival_forest
D:2:      marbit_many_paths
D:4:      first_bread, minmay_misc_feat_encased, minmay_fountain_box,
          uniq_crazy_yiuf_cottage
D:5:      uniq_sigmund, uniq_edmund

Skill      XL: |  1  2  3  4  5  6  7  8 |
---------------+-------------------------+-----
Fighting       | 4 5 6 7 9 |  9.0
Axes           | 4 5 6 7 9 |  9.0
Shields        | 1 3 4 6 |  6.6
Armour         | |  2.4
Dodging        | |  2.1

Action                   |  1- 3 |  4- 6 |  7- 9 || total
-------------------------+-------+-------+-------++-------
Melee: Hand axe          |    93 |   139 |   174 ||   406
       Headbutt          |    12 |    25 |    27 ||    64
Invok: Berserk           |     3 |     3 |     5 ||    11
       Trog's Hand       |     1 |       |     2 ||     3
       Burn Spellbooks   |       |       |     1 ||     1
  Use: Potion            |       |       |     4 ||     4
       Scroll            |       |       |     1 ||     1
 Stab: Sleeping          |     1 |       |       ||     1
  Eat: Chunk             |     2 |     8 |     8 ||    18
       Bread ration      |     1 |       |       ||     1
       Royal jelly       |       |       |     2 ||     2
Armor: Animal skin       |    10 |       |       ||    10
       Chain mail        |     2 |    57 |    17 ||    76
       Plate armour      |       |       |    78 ||    78
       Skin              |       |       |    29 ||    29
Dodge: Dodged            |    59 |    27 |    10 ||    96
Block: Large shield      |       |    34 |   118 ||   152
       Shield            |       |       |    24 ||    24

Table legend:
 A = Spawn XP
 B = Non-spawn XP
 C = Spawn XP percentage of total XP
 D = Spawn monster count
 E = Non-spawn monster count
 F = Spawn count percentage of total count
 G = Total turns spent on level
                    A         B        C        D         E        F      G
               +---------+---------+-------+---------+---------+-------+---------
         Total |       0 |    2430 |   0.0 |       0 |     128 |   0.0 |  5365
               +---------+---------+-------+---------+---------+-------+---------
           D:1 |       0 |      80 |   0.0 |       0 |      33 |   0.0 |   806
           D:2 |       0 |      16 |   0.0 |       0 |       9 |   0.0 |   844
           D:3 |       0 |     156 |   0.0 |       0 |      27 |   0.0 |   932
           D:4 |       0 |     518 |   0.0 |       0 |      24 |   0.0 |  1204
           D:5 |       0 |    1542 |   0.0 |       0 |      34 |   0.0 |  1559
           D:6 |       0 |     118 |   0.0 |       0 |       1 |   0.0 |    20
               +---------+---------+-------+---------+---------+-------+---------
